 Dungeon Crawl Stone Soup version 0.21.1-1-g345015f (webtiles) character file.

86 pnvurqk the Digger (level 4, 0/24 HPs)
             Began as a Gargoyle Earth Elementalist on June 15, 2018.
             Slain by an adder (2 damage)
             ... on level 3 of the Dungeon.
             The game lasted 00:23:18 (1322 turns).

pnvurqk the Digger (Gargoyle Earth Elementalist)    Turns: 1322, Time: 00:23:18

Health: 0/24       AC:  8    Str: 12    XL:     4   Next: 50%
Magic:  0/8        EV: 11    Int: 16    God:
Gold:   81         SH:  0    Dex: 10    Spells: 3/9 levels left

rFire    . . .     SeeInvis .   a - -3 club (curse)
rCold    . . .     Gourm    .   (no shield)
rNeg     + . .     Faith    .   h - +0 ring mail
rPois    ∞         Spirit   .   (no helmet)
rElec    +         Reflect  .   (no cloak)
rCorr    .         Harm     .   (no gloves)
MR       .....                  (no boots)
Stlth    +.........             E - amulet of inaccuracy (curse)
HPRegen  0.08/turn              (no ring)
MPRegen  0.11/turn              (no ring)

@: very slightly contaminated
A: negative energy resistance 1, electricity resistance, unbreathing,
petrification resistance, rot immunity, AC +3
a: no special abilities


You were on level 3 of the Dungeon.
You were full.

You visited 1 branch of the dungeon, and saw 3 of its levels.

You collected 81 gold pieces.

Inventory:

Hand Weapons
 a - a cursed -3 club (weapon)
 f - a +0 short sword
 g - a +0 club
 i - a +0 whip
 j - a cursed -2 dagger
 k - a +0 whip
 o - a +0 club
 p - a +0 hand axe
 q - a +0 dagger
 r - a +0 club
 t - a +0 club
 v - a +0 short sword
 w - a +0 dagger
 x - a cursed -2 hand axe
 y - a +0 hand axe
 C - a +0 dagger
Missiles
 b - 50 stones (quivered)
 l - 10 poisoned needles
Armour
 c - a +0 robe
 h - a +0 ring mail (worn)
 u - a +0 ring mail
 z - a +0 chain mail
 A - a +0 leather armour
 B - a +0 ring mail
 D - a +0 plate armour
Jewellery
 E - a cursed amulet of inaccuracy (around neck)
Scrolls
 d - a scroll of fear {unknown}
 n - a scroll of remove curse {unknown}
 s - 2 scrolls of magic mapping {unknown}
 F - a scroll of amnesia {unknown}
Books
 e - a book of Geomancy

   Spells                             Type                      Level
   a - Sandblast                      Earth                        1
   b - Passwall                       Transmutation/Earth          2
   c - Stone Arrow                    Conjuration/Earth            3
   d - Petrify                        Transmutation/Earth          4
   e - Lee's Rapid Deconstruction     Earth                        5
Comestibles
 m - 3 rations


   Skills:
 + Level 0.3 Armour
 + Level 2.2 Dodging
 + Level 2.4 Stealth
 + Level 3.0 Spellcasting
 + Level 0.7 Transmutations
 + Level 4.6 Earth Magic


You had 3 spell levels left.
You knew the following spells:

 Your Spells              Type           Power        Failure   Level  Hunger
a - Sandblast             Erth           ###...       6%          1    #......
b - Passwall              Tmut/Erth      ##........   22%         2    ##.....
c - Stone Arrow           Conj/Erth      #.....       43%         3    ###....


Dungeon Overview and Level Annotations

Branches:
Dungeon (3/15)

Altars:


Innate Abilities, Weirdness & Mutations

You are resistant to torment.
Your stone body is resilient. (AC +3)
You are immune to poison.
You resist negative energy. (rN+)
You are resistant to electric shocks. (rElec)
You can survive without breathing.
You are immune to petrification.
You are immune to rotting.


Message History

Confirm with . or Enter, or press ? or * to list all spells.
Aiming: Sandblast
Press: ? - help, Shift-Dir - straight line, f/p - gnoll
Aim: a gnoll, wielding a spear You miscast Sandblast.
You are very lightly contaminated with residual magic.
Nothing appears to happen.
The adder bites you.
* * * LOW HITPOINT WARNING * * *
The gnoll closely misses you. The orc hits you but does no damage.
You miss the adder.
The adder is severely wounded.
The adder bites you.
* * * LOW HITPOINT WARNING * * *
The gnoll hits you but does no damage. The adder closely misses you.
The orc misses you.
You miss the adder.
The adder is severely wounded.
The adder bites you but does no damage. The gnoll completely misses you.
The orc hits you but does no damage. The adder bites you.
You die...

#####################.#
#...........ogS@o$.....
#.###################.#
#.# ##.###### ..o..##..
##.#.##.# #.#l##.#
##.#.##.#####.#
..............%


You could see a gnoll, an adder and 2 orcs.

Vanquished Creatures
  2 gnolls (D:3)
  2 worms (D:2)
  2 dart slugs (D:1)
  3 leopard geckos
  4 orcs (D:2)
  4 hobgoblins
  4 jackals (D:1)
  6 kobolds
  6 bats
  2 frilled lizards
  9 goblins
  4 rats
48 creatures vanquished.

Notes
Turn   | Place    | Note
-------+----------+-------------------------------------------
     0 | D:1      | pnvurqk the Gargoyle Earth Elementalist began the quest for the Orb.
     0 | D:1      | Reached XP level 1. HP: 10/10 MP: 3/3
   116 | D:1      | Reached skill level 4 in Earth Magic
   116 | D:1      | Reached XP level 2. HP: 11/15 MP: 0/5
   428 | D:1      | Reached XP level 3. HP: 16/19 MP: 3/6
   763 | D:2      | Learned a level 2 spell: Passwall
   767 | D:2      | Learned a level 3 spell: Stone Arrow
  1018 | D:2      | Reached XP level 4. HP: 15/24 MP: 4/7
  1321 | D:3      | HP: 1/24 [adder (2)]
  1322 | D:3      | Slain by an adder

Skill      XL: |  1  2  3  4 |
---------------+-------------+-----
Earth Magic    | 4 |  4.6
Dodging        | 2 |  2.2
Spellcasting   | 3 |  3.0
Armour         | |  0.3
Stealth        | |  2.4
Transmutations | |  0.7

Action                   |  1- 3 |  4- 6 || total
-------------------------+-------+-------++-------
Melee: Club              |    44 |     6 ||    50
 Cast: Sandblast         |    53 |    19 ||    72
  Eat: Ration            |     1 |     1 ||     2
Armor: Robe              |    28 |       ||    28
       Ring mail         |    26 |    12 ||    38
Dodge: Dodged            |    72 |    18 ||    90
